 Dungeon Crawl Stone Soup version 0.18-a0-1088-g34ef3a2 (webtiles) character file.

76066 4thArraOfDagon the Executioner (level 15, -1/141 HPs)
             Began as a Hill Orc Berserker on Jan 15, 2016.
             Was a Believer of Trog.
             Slain by a black mamba (11 damage)
             ... on level 4 of the Snake Pit.
             The game lasted 01:00:43 (7308 turns).

4thArraOfDagon the Executioner (Hill Orc Berserker) Turns: 7308, Time: 01:00:44

Health: -1/141     AC: 22    Str: 24    XL:     15   Next: 8%
Magic:  19/19      EV: 10    Int: 10    God:    Trog [**....]
Gold:   524        SH:  2    Dex: 10    Spells: 0 memorised, 14 levels left

rFire  + + .     SeeInvis +     G - +5 battleaxe (freeze)
rCold  . . .     Gourm    .     k - +3 fire dragon armour
rNeg   . . .     Faith    .     (shield currently unavailable)
rPois  +         Spirit   .     B - +2 hat
rElec  .         Dismiss  .     E - +1 cloak
rCorr  .         Reflect  .     a - +0 pair of gloves
SustAt .         Harm     .     (no boots)
MR     +....     Rnd*Tele +     f - amulet of magic regeneration
Stlth  ..........               W - ring of poison resistance
                                h - ring of teleportation

@: lethally poisoned (-1 -> -5), somewhat resistant to hostile enchantments,
extremely unstealthy
A: horns 1, large bone plates 1, yellow scales 1, see invisible, cold resistance
1, deformed body
a: Berserk, Trog's Hand, Burn Spellbooks, Renounce Religion, Evoke Teleportation
}: 1/15 runes: abyssal


You were on level 4 of the Snake Pit.
You worshipped Trog.
Trog was pleased with you.
You were not hungry.

You visited 4 branches of the dungeon, and saw 27 of its levels.
You visited the Abyss 1 time.
You also visited: Labyrinth and Ice Cave.

You collected 1249 gold pieces.
You spent 725 gold pieces at shops.

Inventory:

Hand Weapons
 F - the +10 blowgun of Quantum Leap {evade, +Fly, unknown}
   (You found it on level 3 of the Abyss)

   It affects your evasion (+5 to EV).
   It lets you fly.
 G - a +5 battleaxe of freezing (weapon)
Missiles
 N - 4 curare-tipped needles
Armour
 a - a +0 pair of gloves (worn)
 k - a +3 fire dragon armour (worn)
 B - a +2 hat (worn)
 E - a +1 cloak (worn)
Jewellery
 f - an amulet of magic regeneration (around neck)
 h - a ring of teleportation (left hand)
 z - an uncursed ring of resist corrosion
 M - an uncursed ring of protection from magic
 W - a ring of poison resistance (right hand)
Wands
 e - a wand of digging (14/24)
 i - a wand of paralysis (13/24)
 u - a wand of digging (4/24)
 x - a wand of confusion (14/48)
 I - a wand of enslavement (21/24)
 J - a wand of paralysis (5/24)
 O - a wand of polymorph (12/24)
Scrolls
 b - 4 scrolls of noise
 j - 4 scrolls of remove curse
 y - 2 scrolls of vulnerability
 S - a scroll of immolation
 X - 3 scrolls of fog
Potions
 l - 2 potions of curing
 n - 2 potions of brilliance
 q - a potion of cancellation
 r - a potion of cure mutation
 s - a potion of haste
 t - 2 potions of might
 w - a potion of berserk rage
 C - a potion of invisibility
 D - a potion of agility
 H - 4 potions of heal wounds
 L - 3 potions of flight
 V - a potion of mutation
 Y - 2 potions of lignification
 Z - a potion of resistance
Books
 o - a book of the Sky

   Spells                             Type                      Level
   a - Summon Lightning Spire         Summoning/Air                4
   b - Airstrike                      Air                          4
   c - Silence                        Hexes/Air                    5
   d - Deflect Missiles               Charms/Air                   6
   e - Conjure Ball Lightning         Conjuration/Air              6
   f - Tornado                        Air                          9
   Trog disapproves of the use of such an item.
 A - a book of Debilitation

   Spells                             Type                      Level
   a - Corona                         Hexes                        1
   b - Slow                           Hexes                        2
   c - Gell's Gravitas                Hexes/Translocation          3
   d - Inner Flame                    Hexes/Fire                   3
   e - Cause Fear                     Hexes                        4
   f - Leda's Liquefaction            Hexes/Earth                  4
   Trog disapproves of the use of such an item.
 K - Waclaoq's Collected Works on Conjuration
   (You found it in a labyrinth)

   Spells                             Type                      Level
   a - Sting                          Conjuration/Poison           1
   b - Dazzling Spray                 Conjuration/Hexes            3
   c - Iskenderun's Mystic Blast      Conjuration                  4
   d - Venom Bolt                     Conjuration/Poison           5
   e - Lightning Bolt                 Conjuration/Air              5
   f - Delayed Fireball               Conjuration/Fire             7
   Trog disapproves of the use of such an item.
 R - a book of the Warp

   Spells                             Type                      Level
   a - Recall                         Summoning/Translocation      3
   b - Gell's Gravitas                Hexes/Translocation          3
   c - Force Lance                    Conjuration/Translocation    4
   d - Phase Shift                    Translocation                5
   e - Warp Weapon                    Charms/Translocation         5
   f - Summon Forest                  Summoning/Translocation      5
   Trog disapproves of the use of such an item.
 U - the Grimoire of Conjuration
   (You found it in an ice cave)

   Spells                             Type                      Level
   a - Magic Dart                     Conjuration                  1
   b - Shock                          Conjuration/Air              1
   c - Venom Bolt                     Conjuration/Poison           5
   d - Bolt of Draining               Conjuration/Necromancy       5
   e - Orb of Destruction             Conjuration                  7
   Trog disapproves of the use of such an item.
Miscellaneous
 v - a fan of gales
 P - a plain deck of defence {drawn: 1}
Comestibles
 c - 6 bread rations
 p - 5 meat rations


   Skills:
 + Level 15.4 Fighting
 - Level 21.1 Axes
 + Level 13.9 Armour
 - Level 1.5 Dodging
 + Level 5.9 Evocations


You had 14 spell levels left.
You didn't know any spells.

Dungeon Overview and Level Annotations

Branches:
Dungeon (15/15)              Lair (7/8) D:10          Snake (4/4) Lair:5
 Vaults (0/5) D:13         Depths (1/5) D:15
 Temple: D:4-7        Swamp: Lair:3-6    Shoals: Lair:3-6     Slime: Lair:6-8
    Orc: D:9-12

Altars:
Nemelex Xobeh
Xom
Zin

Shops:
D:9 *   D:12 (   Snake:2 !

Portals:
Abyss: Depths:1

Annotations:
D:12 Azrael
D:15 exclusion: downstairs, Voda's ghost, adept OpCK
Snake:4 4thArraOfDagon's ghost, journeyman TrEE


Innate Abilities, Weirdness & Mutations

You have a pair of small horns on your head.
You are partially covered in large bone plates (AC +2, SH +2).
You are partially covered in yellow scales (AC +2).
You have supernaturally acute eyesight.
Your flesh is cold resistant.
Armour fits poorly on your strangely shaped body.


Message History

The black mamba seems to slow down.
The black mamba is severely wounded.
The black mamba bites you!
* * * LOW HITPOINT WARNING * * *
Unknown command.
Unknown command.
You barely miss the black mamba.
The black mamba is severely wounded.
You feel sick. The black mamba barely misses you.
Unknown command.
You closely miss the black mamba.
The black mamba is severely wounded.
You feel sick. The black mamba closely misses you.
Unknown command.
You closely miss the black mamba. Your headbutt misses the black mamba.
The black mamba is severely wounded.
Your skin stops crawling.
You feel less resistant to hostile enchantments.
The black mamba bites you!
You die...

#....##
#....##
#....##
#....## #
#.#..#
#....#
##...#
##....#
##@S..#
#....##
#.....#
#....#..#
#...###..#
##..# ...#
...# ....
#...# #..#
#...#


You could see a black mamba.

Vanquished Creatures
  Rupert (D:12)
  A greater naga (Snake:4)
  A frost giant (IceCv)
  A stone giant (Depths:1)
  A juggernaut skeleton (Depths:1)
  A vault guard (D:13)
  A minotaur (Lab)
  A fire dragon (D:15)
  An ice dragon (D:15)
  2 hydras
  2 naga warriors (Snake:4)
  2 anacondas
  A centaur warrior (D:15)
  A tengu warrior (D:14)
  2 shock serpents (Snake:4)
  A naga sharpshooter (Snake:4)
  2 sea snakes (Snake:3)
  2 wolf spider zombies
  4 necromancers
  4 hill giants
  A mana viper (Snake:3)
  A griffon (D:15)
  11 ugly things
  A deep elf mage (D:14)
  A fire giant zombie (Depths:1)
  A frost giant zombie (Depths:1)
  2 wizards (D:13)
  A manticore (D:13)
  2 centaur zombies
  An ice statue (IceCv)
  A naga mage (Snake:3)
  4 black mambas
  A guardian serpent (Snake:4)
  A fire giant skeleton (Depths:1)
  A kobold demonologist (D:15)
  3 spiny frogs
  A komodo dragon (D:15)
  19 polar bears (IceCv)
  5 trolls
  4 blink frogs
  6 slime creatures (D:14)
  A minotaur skeleton (Lab)
  3 centaur simulacra (D:15)
  2 water elementals (Depths:1)
  2 wyverns
  19 humans (D:13)
  4 basilisks (D:10)
  A human (shapeshifter) (D:15)
  38 yaks
  2 hippogriffs
  Grum (Lair:1)
  29 wolves
  7 vampire mosquitoes (D:15)
  16 nagas (Snake:4)
  A soldier ant (D:15)
  5 water moccasins
  A hell hound (D:12)
  12 porcupines
  3 orc warriors
  The ghost of ater218 the Magician, an amateur DEVM (D:5)
  An ice beast (D:15)
  A wasp (D:10)
  2 sky beasts
  4 centaurs
  3 ogres
  6 crocodiles
  4 giant frogs
  A wyvern skeleton (D:14)
  5 scorpions
  A small abomination (Abyss:3)
  6 starcursed masses (Abyss:3)
  2 hounds
  A giant frog skeleton (D:9)
  A jelly (D:9)
  4 orc wizards
  An orc priest (D:9)
  2 worker ants
  5 centaur skeletons
  2 iguanas
  An ogre skeleton (Lab)
  3 adders (D:2)
  3 gnolls (D:4)
  26 river rats
  2 shadow imps
  2 oozes (D:2)
  A worm (D:2)
  5 giant geckos
  13 orcs
  A giant cockroach (D:6)
  4 goblins
  5 hobgoblins
  4 jackals
  4 kobolds
  A quokka (D:10)
  8 bats
  3 giant newts
  7 rats
  A fungus (Lair:2)
  2 plants (D:10)
396 creatures vanquished.

Vanquished Creatures (others)
  A sphinx simulacrum (Depths:1)
  A white imp (Abyss:3)
  2 fungi
  A starspawn tentacle (Abyss:2)
5 creatures vanquished.

Grand Total: 401 creatures vanquished

Notes
Turn   | Place    | Note
--------------------------------------------------------------
     0 | D:1      | 4thArraOfDagon the Hill Orc Berserker began the quest for the Orb.
     0 | D:1      | Reached XP level 1. HP: 19/19 MP: 1/1
    60 | D:1      | Reached XP level 2. HP: 27/27 MP: 2/2
   192 | D:2      | Reached XP level 3. HP: 26/33 MP: 3/3
   221 | D:2      | Reached skill level 5 in Axes
   281 | D:2      | o hahah
   328 | D:2      | You fall through a shaft!
   332 | D:3      | Reached ** piety under Trog
   470 | D:3      | Reached XP level 4. HP: 32/40 MP: 4/4
   559 | D:2      | Reached XP level 5. HP: 36/47 MP: 5/5
   666 | D:4      | Reached skill level 6 in Axes
   738 | D:4      | Found a glowing silver altar of Zin.
   789 | D:4      | Reached XP level 6. HP: 55/55 MP: 6/6
   842 | D:5      | Entered Level 5 of the Dungeon
   899 | D:5      | Reached skill level 5 in Fighting
   927 | D:5      | Noticed ater218's ghost (amateur DEVM)
   941 | D:5      | Killed ater218's ghost
   941 | D:5      | Reached skill level 7 in Axes
  1018 | D:6      | Reached XP level 7. HP: 61/61 MP: 7/7
  1020 | D:6      | Reached skill level 8 in Axes
  1183 | D:6      | Reached skill level 5 in Armour
  1395 | D:9      | Reached skill level 9 in Axes
  1395 | D:9      | Reached XP level 8. HP: 70/70 MP: 8/8
  1427 | D:9      | Reached *** piety under Trog
  1571 | D:10     | Entered Level 10 of the Dungeon
  1576 | D:10     | Noticed a yak
  1576 | D:10     | Noticed a yak
  1577 | D:10     | Noticed a yak
  1587 | D:10     | Reached skill level 10 in Axes
  1587 | D:10     | Killed a yak
  1589 | D:10     | Noticed a yak
  1589 | D:10     | Killed a yak
  1589 | D:10     | Reached XP level 9. HP: 79/79 MP: 9/9
  1590 | D:10     | Reached skill level 11 in Axes
  1604 | D:9      | Reached skill level 12 in Axes
  1715 | D:10     | Found a staircase to the Lair.
  1734 | D:10     | Reached XP level 10. HP: 73/91 MP: 10/10
  1735 | D:10     | Reached skill level 13 in Axes
  1794 | D:10     | Noticed a hill giant
  1803 | D:10     | Killed a hill giant
  1916 | Lair:1   | Entered Level 1 of the Lair of Beasts
  1916 | Lair:1   | Noticed a black mamba
  1924 | Lair:1   | Reached **** piety under Trog
  1924 | Lair:1   | Reached skill level 14 in Axes
  1925 | Lair:1   | Received a gift from Trog
  1928 | Lair:1   | Killed a black mamba
  1928 | Lair:1   | Reached skill level 10 in Fighting
  1929 | Lair:1   | Noticed Grum
  1943 | Lair:1   | Killed Grum
  1968 | Lair:1   | Noticed a spiny frog
  1998 | D:10     | Reached XP level 11. HP: 37/101 MP: 11/11
  2002 | D:10     | nope
  2049 | D:10     | HP: 4/101 [wyvern (4)]
  2058 | D:10     | HP: 7/151 [wyvern (9)]
  2086 | D:9      | Found Jeumoric's Assorted Antiques.
  2091 | D:9      | Bought a scroll labeled JURPHI WAIT for 30 gold pieces
  2091 | D:9      | Bought a scroll labeled MOKHIUXALA for 30 gold pieces
  2091 | D:9      | Bought a glowing white potion for 27 gold pieces
  2091 | D:9      | Bought a scroll labeled QABIOXOVOQ for 30 gold pieces
  2091 | D:9      | Bought a knobbly agate ring for 150 gold pieces
  2091 | D:9      | Bought a glowing golden ring for 150 gold pieces
  2198 | D:11     | Noticed a hill giant
  2205 | D:11     | Killed a hill giant
  2205 | D:11     | Reached skill level 15 in Axes
  2299 | D:12     | Found Ybulueh's Antique Weapon Shoppe.
  2309 | D:12     | Noticed Azrael
  2309 | D:12     | Noticed Rupert
  2387 | D:12     | Killed Rupert
  2435 | D:12     | Reached skill level 10 in Armour
  2447 | D:13     | Found a sparkling altar of Nemelex Xobeh.
  2477 | D:13     | Reached skill level 16 in Axes
  2508 | D:13     | Noticed a necromancer
  2533 | D:13     | Killed a necromancer
  2575 | D:13     | Noticed a wizard
  2575 | D:13     | Noticed a necromancer
  2585 | D:13     | Killed a necromancer
  2585 | D:13     | Reached XP level 12. HP: 111/111 MP: 12/12
  2625 | D:13     | Found a gate to the Vaults.
  2625 | D:13     | Noticed a vault guard
  2634 | D:13     | Reached skill level 17 in Axes
  2639 | D:13     | Killed a vault guard
  2714 | D:13     | Noticed a catoblepas
  2771 | D:13     | Gained mutation: You are partially covered in large bone plates (AC +2, SH +2). [mutagenic meat]
  2854 | D:14     | Received a gift from Trog
  2996 | D:15     | Entered Level 15 of the Dungeon
  3029 | D:15     | Reached skill level 18 in Axes
  3054 | D:15     | Gained mutation: You are partially covered in yellow scales (AC +2). [mutagenic meat]
  3055 | D:15     | Gained mutation: Armour fits poorly on your strangely shaped body. [mutagenic meat]
  3056 | D:15     | Gained mutation: You have supernaturally acute eyesight. [mutagenic meat]
  3057 | D:15     | Gained mutation: You have a pair of small horns on your head. [mutagenic meat]
  3206 | D:15     | Noticed Voda's ghost (adept OpCK)
  3233 | D:14     | Noticed a tengu warrior
  3247 | D:14     | Killed a tengu warrior
  3247 | D:14     | Reached XP level 13. HP: 119/119 MP: 13/13
  3255 | D:14     | Got a faintly glowing ring mail
  3421 | D:15     | Reached skill level 19 in Axes
  3658 | D:15     | Noticed a fire dragon
  3659 | D:15     | Noticed an ice dragon
  3677 | D:15     | Killed an ice dragon
  3685 | D:15     | Killed a fire dragon
  3697 | D:15     | Found a staircase to the Depths.
  3723 | Depths:1 | Entered Level 1 of the Depths
  3723 | Depths:1 | Noticed a stone giant
  3747 | Depths:1 | Killed a stone giant
  3863 | Depths:1 | Found a one-way gate to the infinite horrors of the Abyss.
  3872 | Depths:1 | Voluntarily entered the Abyss.
  3891 | Abyss:2  | Found a corrupted altar of Lugonu.
  3972 | Abyss:3  | Found a corrupted altar of Lugonu.
  3988 | Abyss:3  | Got an ichor-stained blowgun
  4008 | Abyss:3  | Noticed a starcursed mass
  4042 | Abyss:3  | Found a corrupted altar of Lugonu.
  4048 | Abyss:3  | Noticed a lorocyproca
  4103 | Abyss:3  | Noticed a dire elephant
  4108 | Abyss:3  | Noticed a dire elephant
  4110 | Abyss:3  | Noticed a hellephant
  4118 | Abyss:3  | Noticed a hellephant
  4140 | Abyss:3  | Got an abyssal rune of Zot
  4141 | Abyss:3  | zzxc: ;s
  4156 | Abyss:3  | zzxc: magic
  4156 | Abyss:3  | 4thArraOfDagon: :)
  4157 | Depths:1 | Escaped the Abyss
  4158 | Depths:1 | BLOAX: https://www.youtube.com/watch?v=BSH1qe4osuA
  4185 | Depths:1 | BLOAX: soup
  4185 | Depths:1 | 4thArraOfDagon: time for pan
  4185 | Depths:1 | 4thArraOfDagon: sup
  4185 | Depths:1 | zzxc: pain
  4185 | Depths:1 | BLOAX: pan at xl13 with an elec hand axe
  4185 | Depths:1 | BLOAX: sounds like a plan
  4185 | Depths:1 | 4thArraOfDagon: yea...
  4185 | Depths:1 | 4thArraOfDagon: well it looks that i have to go lair
  4185 | Depths:1 | 4thArraOfDagon: but no rpois
  4185 | Depths:1 | 4thArraOfDagon: so will die anyway
  4195 | Depths:1 | Found a shimmering altar of Xom.
  4196 | Depths:1 | Noticed an ice dragon
  4208 | D:15     | 4thArraOfDagon: or vaults
  4225 | D:15     | BLOAX: lair is less brutal
  4261 | D:14     | 4thArraOfDagon: i was thinking
  4261 | D:14     | 4thArraOfDagon: about abyss+pan runes
  4261 | D:14     | 4thArraOfDagon: but that requires lots of tele which obviously i dont have :(
  4262 | D:14     | zzxc: abyss->pan for 3 rune speedrun?
  4263 | D:14     | 4thArraOfDagon: ya
  4263 | D:14     | 4thArraOfDagon: but you need wand of tele at least
  4263 | D:14     | BLOAX: it's a waste of time
  4270 | D:13     | BLOAX: the chances of success are minimal compared to shoals/spider->slime->abyss->zot
  4270 | D:13     | BLOAX: since any fiend will fuck you up
  4270 | D:13     | 4thArraOfDagon: well
  4270 | D:13     | BLOAX: let alone a hell sentinel
  4270 | D:13     | 4thArraOfDagon: my recent pan visits took me max 2-3k in total
  4270 | D:13     | 4thArraOfDagon: but yeah i had statue form and chei
  4299 | D:13     | BLOAX: shoals->slime can take about 2k turns
  4315 | D:13     | BLOAX: probably less with some serious luck
  4327 | D:13     | 4thArraOfDagon: maybe i should just go vaults
  4327 | D:13     | 4thArraOfDagon: but then i would still need pan
  4432 | Lair:1   | Reached skill level 20 in Axes
  4432 | Lair:1   | Reached skill level 1 in Evocations
  4433 | Lair:1   | 4thArraOfDagon: i will die anyway
  4458 | Lair:1   | BLOAX: the album title is pretty relevant it seems :^)
  4479 | Lair:1   | Turgon: Think positive!
  4500 | Lair:1   | Identified the cursed +0 ring mail of the Buccaneer {rC+ MP+9} (You found it on level 14 of the Dungeon)
  4505 | Lair:1   | Turgon: "I will kill them all anyway"
  4514 | Lair:1   | You fall through a shaft!
  4528 | Lair:1   | Turgon: And that's the command of your boss btw
  4538 | Lair:1   | 4thArraOfDagon: there is slime
  4631 | Lair:2   | Reached XP level 14. HP: 130/132 MP: 13/13
  4729 | Lair:3   | Turgon: And there's your exec axe of freezing
  4729 | Lair:3   | Turgon: ... in the ice cave
  4796 | Lair:3   | BLOAX: inb4teleportercave
  4801 | Lair:3   | Found a frozen archway.
  4820 | IceCv    | Entered an ice cave
  4832 | IceCv    | Identified a scroll of acquirement
  4877 | IceCv    | Got a fine buckler
  4879 | IceCv    | BLOAX: :DDDDDDDD
  4883 | IceCv    | zzxc: :D
  4889 | IceCv    | Identified the +0 buckler of the Flute {Slay+2} (You acquired it in an ice cave)
  4902 | IceCv    | BLOAX: :^DDDDDD
  4934 | IceCv    | 4thArraOfDagon: DDD^DD
  5088 | IceCv    | BLOAX: http://openxcom.org/forum/index.php/topic,4175.msg57719.html#msg57719 :^DDDDDD
  5244 | IceCv    | Turgon: Oh, dist weapon
  5273 | IceCv    | Turgon: That was the reason for temporary muts I guess
  5476 | IceCv    | Noticed a frost giant
  5493 | IceCv    | Killed a frost giant
  5532 | IceCv    | Turgon: ok, b-axe of freezing
  5542 | IceCv    | Turgon: actually even better than exec axe
  5556 | IceCv    | Identified the Grimoire of Conjuration (You found it in an ice cave)
  5599 | Lair:3   | Turgon: +5!
  5668 | Lair:5   | Reached skill level 21 in Axes
  5677 | Lair:5   | Found a staircase to the Snake Pit.
  5814 | Lair:6   | Found a labyrinth entrance.
  5820 | Lair:6   | Turgon: And there's the "Ring of Invincibility" in the labyrinth
  5823 | Lab      | Entered a labyrinth
  5911 | Lab      | Turgon: Due to a bug it grants AC+200 slay+100 rTorment
  6004 | Lab      | Turgon: But mino wears it :-))
  6076 | Lab      | ...
  6077 | Lab      | zzxc: curare kite still works :)
  6111 | Lab      | BLOAX: it's also wearing alchemist hat
  6131 | Lab      | Turgon: No, because mino also wields shield of reflection
  6157 | Lab      | Turgon: :-)
  6255 | Lab      | zzxc: then mirror works
  6262 | Lab      | Identified Waclaoq's Collected Works on Conjuration (You found it in a labyrinth)
  6282 | Lab      | 4thArraOfDagon: there is hope
  6321 | Lair:6   | Gained mutation: Your flesh is cold resistant. [potion of beneficial mutation]
  6349 | Lair:7   | Turgon: benemut was from ice cave
  6358 | Lair:5   | zzxc: suspiciously good mut
  6358 | Lair:5   | Turgon: So it granted rC+ :-)
  6379 | Lair:5   | Turgon: And that's not bad with fire DA :-)
  6381 | Lair:5   | BLOAX: if only it worked that way
  6428 | Snake:1  | Entered Level 1 of the Snake Pit
  6519 | Snake:2  | Found Heczoqas's Distillery.
  6526 | Snake:2  | Bought a potion of resistance for 140 gold pieces
  6526 | Snake:2  | Bought a potion of flight for 42 gold pieces
  6526 | Snake:2  | Bought a potion of curing for 42 gold pieces
  6526 | Snake:2  | Bought a potion of flight for 42 gold pieces
  6526 | Snake:2  | Bought a potion of flight for 42 gold pieces
  6596 | Snake:3  | Received a gift from Trog
  6660 | Snake:4  | Entered Level 4 of the Snake Pit
  6729 | Snake:4  | Turgon: argh
  6744 | Snake:4  | 4thArraOfDagon: this is bad layout
  6771 | Snake:4  | Turgon: running around with ring telep is bad as well
  6771 | Snake:4  | BLOAX: at least it's not the firelake one
  6794 | Snake:4  | Noticed a greater naga
  6814 | Snake:4  | Reached skill level 5 in Evocations
  6815 | Snake:4  | Killed a greater naga
  6815 | Snake:4  | Reached skill level 15 in Fighting
  6816 | Snake:4  | Turgon: yes, fire is toughest imo
  6823 | Snake:4  | Noticed a greater naga
  6826 | Snake:4  | Noticed a greater naga
  6830 | Snake:4  | Turgon: When did this come up? 0.15?
  6862 | Snake:4  | BLOAX: I remember it from far before that.
  6863 | Snake:4  | Turgon: mhmm
  6872 | Snake:4  | BLOAX: probably <0.12
  6872 | Snake:4  | Noticed a greater naga
  6873 | Snake:4  | Noticed a greater naga
  6873 | Snake:4  | Turgon: ?!
  6873 | Snake:4  | 4thArraOfDagon: there is my rune
  6873 | Snake:4  | zzxc: !!
  6873 | Snake:4  | 4thArraOfDagon: :(
  6924 | Snake:4  | Turgon: Why didn't you use step from time?
  6933 | Snake:4  | BLOAX: dual pandemonium pizza
  6935 | Snake:4  | zzxc: he is torg
  6974 | Snake:4  | Turgon: zzxc, you should know I was fooling him!
  6981 | Snake:4  | Turgon: :-)
  6997 | Snake:4  | Noticed a greater naga
  6997 | Snake:4  | Noticed a greater naga
  6998 | Snake:4  | zzxc: you joker
  6999 | Snake:4  | Noticed a greater naga
  7014 | Snake:4  | zzxc: this snake is very rippy
  7046 | Snake:4  | BLOAX: i have to say
  7046 | Snake:4  | BLOAX: these chips are excellent
  7046 | Snake:4  | 4thArraOfDagon: this is ultrabad layout
  7046 | Snake:4  | zzxc: ultrabad!
  7046 | Snake:4  | 4thArraOfDagon: because you cant just haste
  7046 | Snake:4  | 4thArraOfDagon: walk between them and take rune
  7046 | Snake:4  | 4thArraOfDagon: (
  7046 | Snake:4  | zzxc: ^q?
  7047 | Snake:4  | 4thArraOfDagon: ya
  7047 | Snake:4  | 4thArraOfDagon: but lets see
  7052 | Snake:4  | Turgon: It's your fault that you can't apport!
  7062 | Snake:4  | zzxc: with enough tries you will land on the rune
  7094 | Snake:4  | zzxc: running low on piety
  7096 | Snake:4  | zzxc: burn books?
  7097 | Snake:4  | Reached XP level 15. HP: 127/141 MP: 19/19
  7117 | Snake:4  | Turgon: good idea
  7130 | Snake:4  | zzxc: eventually you're gonna clear it like this
  7142 | Snake:4  | Noticed 4thArraOfDagon's ghost (journeyman TrEE)
  7144 | Snake:4  | zzxc: haha
  7149 | Snake:4  | zzxc: this floor is rip
  7152 | Snake:4  | Turgon: which ghost was this?
  7153 | Snake:4  | 4thArraOfDagon: tree
  7153 | Snake:4  | 4thArraOfDagon: no statue form killed him
  7153 | Snake:4  | Turgon: yours!
  7153 | Snake:4  | BLOAX: for some silly reason part of the seasoning is https://en.wikipedia.org/wiki/Trinidad_Scorpion_Butch_T_pepper
  7153 | Snake:4  | Turgon: :-)
  7153 | Snake:4  | 4thArraOfDagon: wow
  7153 | Snake:4  | BLOAX: I can't imagine it's any significant part of it.
  7153 | Snake:4  | BLOAX: Since they're pretty spicy.
  7170 | Snake:4  | BLOAX: which is most definitely not
  7176 | Snake:4  | BLOAX: "help help my mouth is on fire"
  7210 | Snake:3  | Turgon: You are using Trog's hand a lot. Careful, you could run out of **
  7211 | Snake:3  | BLOAX: And I'm not big on spicy stuff myself.
  7258 | Snake:4  | zzxc: ripp
  7295 | Snake:4  | Turgon: BURN! before you are at 1*
  7308 | Snake:4  | Slain by a black mamba

Vault maps used:
D:1:      dpeg_arrival_solitude
D:2:      kennysheep_six_static_rooms, led_sif_pool, st_stairs_4,
          corexii_corridor_pit, uniq_iyjb
D:3:      tso_oasis_becter
D:4:      kennysheep_mini_moat, nicolae_ru_path_of_blood,
          uniq_crazy_yiuf_cottage
D:5:      temple_hall_moat, first_bread
D:6:      old_standard_altar, basic_altar
D:7:      grunt_temple_overflow_champion_of_chaos,
          nicolae_overflow_crystal_walls, minivault_14
D:8:      uniq_gastronok
D:9:      serial_shops, kennysheep_little_box
D:10:     minmay_lair_entry_grove, uniq_joseph, uniq_erica
D:11:     orc_david_3
D:12:     serial_shops, nicolae_shop_window_shopping, nicolae_shop_waterfront,
          shop_statue, hangedman_little_slice_of_home, uniq_azrael, uniq_rupert
D:13:     grunt_vaults_entry_tiered, nemelex_deck
D:14:     serial_shops, nicolae_shop_stone, minmay_misc_feat_plants,
          guppyfry_shop_venom
D:15:     grunt_enter_depths_hoard, grunt_decor_cap, spider_trap
Lair:1:   uniq_grum
Lair:2:   grunt_megastairs_4, bh_autumn_forest_stairs, serial_bayou_shore_a
Lair:3:   portal_ice_cave_entry_pillars_01, minivault_19
Lair:4:   uniq_josephine
Lair:5:   dummy_snake_entry
Lair:6:   minmay_swamp_entry_worms, slime_altar_2, lab_entry_generic,
          lemuel_fruit_tree, serial_bayou_shore_b, infiniplex_staircase_pool
Snake:1:  nrook_guardian_serpent_ordinary, grunt_megastairs_2
Snake:2:  serial_shops, shop, uniq_vashnia
Snake:3:  nrook_guardian_serpent_double
Snake:4:  grunt_snake_rune_spirals
Depths:1: enter_ziggurat_d, abyss_entry_crystal, pf_hell_entry_tar_spiral,
          fountainhead, hangedman_feature_mirror,
          hangedman_abyss_or_decor_slice, hangedman_elemental_death_ray
Abyss:3:  bh_abyss_exit_spiral, nicolae_abyss_rune_more_like_crabyss
Lab:      nicolae_lab_dead_adventurers, nicolae_lab_grate
IceCv:    ice_cave_caverns_01

Action                   |  1- 3 |  4- 6 |  7- 9 | 10-12 | 13-15 || total
-------------------------+-------+-------+-------+-------+-------++-------
Melee: Hand axe          |    77 |    92 |   114 |   354 |   483 ||  1120
       Battleaxe         |       |       |       |       |   167 ||   167
Invok: Berserk           |     1 |     2 |     6 |    16 |    33 ||    58
       Trog's Hand       |       |     1 |     3 |    10 |    51 ||    65
       Brothers in Arms  |       |       |       |       |     2 ||     2
 Abil: Evoke Teleportati |       |       |       |       |    28 ||    28
Evoke: Wand              |       |       |       |       |     7 ||     7
       Deck              |       |       |       |       |     1 ||     1
       Fan of gales      |       |       |       |       |     1 ||     1
  Use: Scroll            |       |       |     7 |     5 |    36 ||    48
       Potion            |       |       |       |     1 |    13 ||    14
  Eat: Chunk             |       |     3 |     7 |    29 |    33 ||    72
       Beef jerky        |       |       |     1 |       |     7 ||     8
       Fruit             |       |       |       |       |    14 ||    14
       Pizza             |       |       |       |       |     4 ||     4
       Meat ration       |       |       |       |       |     1 ||     1
